 Dungeon Crawl Stone Soup version 0.27-a0-416-gca2cecf3c0 (webtiles) character file.

Game seed: 14401602681383448100

1012 dickylongcocking the Purveyor of Pain (level 8, -4/53 HPs)
             Began as a Demonspawn Necromancer on Feb 24, 2021.
             Was an Initiate of Kikubaaqudgha.
             Slain by an ogre
             ... wielding a +0 giant spiked club
              (24 damage)
             ... on level 5 of the Dungeon.
             The game lasted 00:05:57 (7317 turns).

dickylongcocking the Purveyor of Pain (DsNe)        Turns: 7317, Time: 00:05:57

Health: -4/53      AC:  4    Str:  8    XL:     8   Next: 1%
Magic:  26/26      EV: 11    Int: 21    God:    Kikubaaqudgha [......]
Gold:   201        SH:  0    Dex: 14    Spells: 11/19 levels left

rFire    . . .     SeeInvis +   y - +2 flail (pain)
rCold    . . .     Faith    .   (no shield)
rNeg     . . .     Spirit   .   h - +0 leather armour
rPois    .         Reflect  .   (no helmet)
rElec    .         Harm     .   (no cloak)
rCorr    .         Rampage  .   (no gloves)
Will     .....                  o - +0 pair of boots
Stlth    ++........             (no amulet)
HPRegen  0.17/turn              g - ring of see invisible
MPRegen  0.20/turn              r - ring of magical power

@: no status effects
A: hooves 1, powered by death 1, powered by pain 1, big brain 1
a: Renounce Religion


You were on level 5 of the Dungeon.
You worshipped Kikubaaqudgha.
Kikubaaqudgha was noncommittal.
You visited 2 branches of the dungeon, and saw 6 of its levels.
You also visited: Sewer.

You collected 201 gold pieces.

Inventory:

Hand Weapons
 f - a +0 whip
 v - a +0 vorpal falchion
 w - a +4 dagger
 x - the +4 mace of Wu Jian's Favour {flame, rPois rF+ rN+}
   (You found it on level 4 of the Dungeon)

   It has been specially enchanted to burn those struck by it, causing extra
   injury to most foes and up to half again as much damage against particularly
   susceptible opponents.
   It protects you from fire.
   It protects you from poison.
   It protects you from negative energy.
 y - a +2 flail of pain (weapon)
Armour
 a - a +0 robe
 h - a +0 leather armour (worn)
 o - a +0 pair of boots (worn)
 q - a +2 kite shield
 z - a +2 scale mail of cold resistance
Jewellery
 g - a ring of see invisible (left hand)
 m - a ring of protection from fire
 r - a ring of magical power (right hand)
Wands
 s - a wand of flame (58)
 A - a wand of acid (5)
Scrolls
 b - 6 scrolls of identify {unknown}
 c - 4 scrolls of magic mapping {unknown}
 k - a scroll of noise {unknown}
 l - 7 scrolls of teleportation
 n - 2 scrolls of immolation {unknown}
 p - 2 scrolls of enchant armour {unknown}
 t - a scroll of fear {unknown}
 B - 3 scrolls of silence {unknown}
Potions
 d - 2 potions of invisibility {unknown}
 e - 4 potions of curing {unknown}
 i - 2 potions of haste {unknown}
 j - a potion of magic
 u - a potion of heal wounds


   Skills:
 * Level 0.9 Fighting
 * Level 0.9 Maces & Flails
 - Level 1.7 Dodging
 - Level 1.7 Stealth
 * Level 6.1 Spellcasting
 * Level 8.3 Necromancy


You had 11 spell levels left.
You knew the following spells:

 Your Spells              Type           Power        Failure   Level
a - Pain                  Necr           100%         1%          1
b - Animate Dead          Necr           20%          4%          4
x - Vampiric Draining     Necr           20%          1%          3

Your spell library contained the following spells:

 Spells                   Type           Power        Failure   Level
 Animate Skeleton         Necr           82%          1%          1
 Agony                    Necr           41%          13%         5


Dungeon Overview and Level Annotations

Branches:
Dungeon (5/15)             Temple (1/1) D:5           Sewer (visited)

Altars:
Ashenzari
Cheibriados
Dithmenos
Elyvilon
Fedhas
Gozag
Hepliaklqana
Kikubaaqudgha
Makhleb
Nemelex Xobeh
Okawaru
Qazlal
Ru
Sif Muna
Trog
Uskayaw
Vehumet
Wu Jian
Xom
Yredelemnul
Zin
The Shining One

Annotations:
D:3 2 transporters


Innate Abilities, Weirdness & Mutations

You have large cloven feet.
You regenerate a little health from kills.
You sometimes gain a little power by taking damage.
You have an unusually large brain. (Int +2)


Message History

You destroy the centaur zombie!
Kikubaaqudgha accepts your kill.
You have reached level 8!
You feel clever.
Your demonic ancestry asserts itself...
Your brain expands.
An ogre comes into view. It is wielding a +0 giant spiked club.
An ogre is nearby!
An ogre is nearby!
An ogre is nearby!
A quokka comes into view.
A howler monkey skeleton comes into view.
The ogre shouts!
Casting: Pain (safe; 1% risk of failure)
Confirm with . or Enter, or press ? or * to list all spells.
Aiming: Pain (safe; 1% risk of failure)
Press: ? - help, Shift-Dir - straight line, f - quokka
Aim: a quokka (chance to affect: 93%)
The quokka writhes in agony.
The quokka bites you.
Unknown command.
Casting: Pain (safe; 1% risk of failure)
Confirm with . or Enter, or press ? or * to list all spells.
Aiming: Pain (safe; 1% risk of failure)
Press: ? - help, Shift-Dir - straight line, f/p - quokka
Aim: a quokka (moderately wounded, chance to affect: 93%)
The quokka writhes in agony.
The quokka bites you but does no damage.
The ogre closely misses you.
You hit the ogre.
The ogre writhes in agony.
The ogre is moderately wounded.
The quokka closely misses you.
The ogre hits you with a +0 giant spiked club!!
Ouch! That really hurt!
You focus on the pain.
You feel your power returning.
The quokka bites you but does no damage.
You thump the ogre!
The ogre writhes in agony!
The ogre is almost dead.
The quokka bites you but does no damage.
The ogre hits you with a +0 giant spiked club!!
You die...
Kikubaaqudgha rasps: "You have failed me!
Welcome... death!"

....#...#....>........#
#####...########.####.#
#######... #.# ...
............####.##.###
......................#
........ ...###..#..#.#
........ #......#
........ #......#
.......# #..@...#
[......# #.ZrO..#
######## #......#
#......# #......#
#......# .....#.#
.#..#....


You could see an ogre, a quokka and a howler monkey skeleton.

Vanquished Creatures
  2 ogres (D:4)
  2 bullfrogs (Sewer)
  4 scorpions
  A centaur zombie (D:5)
  An orc priest (D:3)
  2 hounds
  An orc wizard (D:4)
  4 worker ants (D:4)
  14 adders
  2 river rats (Sewer)
  A white imp (D:4)
  An ooze (D:4)
  2 worms (D:3)
  A dart slug (D:2)
  14 orcs
  4 giant cockroaches
  4 goblins
  2 hobgoblins (D:1)
  9 jackals
  2 quokkas (D:4)
  9 ball pythons (Sewer)
  5 bats
  5 frilled lizards
  9 kobolds
  A quokka skeleton (D:5)
  A quokka zombie (D:5)
  30 rats
133 creatures vanquished.

Vanquished Creatures (collateral kills)
  2 ball pythons (Sewer)
  A rat (Sewer)
3 creatures vanquished.

Grand Total: 136 creatures vanquished

Notes
Turn   | Place    | Note
-------+----------+-------------------------------------------
     0 | D:1      | dickylongcocking the Demonspawn Necromancer began the quest
                  | for the Orb.
     0 | D:1      | Reached XP level 1. HP: 13/13 MP: 3/3
   417 | D:1      | Gained mutation: You regenerate a little health from kills.
                  | [demonic ancestry]
   417 | D:1      | Reached XP level 2. HP: 15/19 MP: 0/5
  1445 | D:2      | Reached skill level 5 in Necromancy
  1445 | D:2      | Reached XP level 3. HP: 22/24 MP: 1/7
  2352 | D:3      | Found a transporter.
  2429 | D:3      | Found a glowing drain.
  2458 | Sewer    | Entered a sewer
  2569 | Sewer    | Gained mutation: You have large cloven feet. [demonic
                  | ancestry]
  2569 | Sewer    | Reached XP level 4. HP: 30/30 MP: 8/8
  2859 | Sewer    | Learned a level 4 spell: Animate Dead
  3046 | Sewer    | Reached XP level 5. HP: 35/35 MP: 7/10
  3340 | Sewer    | Reached skill level 6 in Necromancy
  3530 | Sewer    | Learned a level 3 spell: Vampiric Draining
  3668 | Sewer    | Reached XP level 6. HP: 41/41 MP: 10/12
  4144 | D:3      | Found a transporter.
  4626 | D:4      | Reached skill level 7 in Necromancy
  4762 | D:4      | Reached skill level 5 in Spellcasting
  4899 | D:4      | Found a glowing silver altar of Zin.
  5134 | D:4      | Gained mutation: You sometimes gain a little power by
                  | taking damage. [demonic ancestry]
  5134 | D:4      | Reached XP level 7. HP: 33/46 MP: 13/14
  6066 | D:4      | Found a stormy altar of Qazlal.
  6087 | D:4      | Reached skill level 8 in Necromancy
  6418 | D:4      | Identified an ivory mace
  6453 | D:5      | Entered Level 5 of the Dungeon
  6653 | D:5      | Found a staircase to the Ecumenical Temple.
  6701 | Temple   | Entered the Ecumenical Temple
  6866 | Temple   | Became a worshipper of Kikubaaqudgha
  7174 | D:5      | Gained mutation: You have an unusually large brain. (Int
                  | +2) [demonic ancestry]
  7174 | D:5      | Reached XP level 8. HP: 28/53 MP: 17/17
  7317 | D:5      | Slain by an ogre

Illustrated notes

Levels and vault maps discovered:
D:1:      lightli_arrival_lavapool, layout_loops_ring
D:2:      layout_rooms, minmay_pentomino_p4
D:3:      gammafunk_steamed_eel, layout_basic, cheibrodos_sewer_entry_bend,
          interstate_on_off
D:4:      layout_gridville, overflow_temple_1_default, nrook_campfire,
          grunt_qazlal_clouds
D:5:      layout_basic, minmay_temple_entry_statues_pillars,
          chequers_serial_rivers_micro_b
Temple:   kilobyte_greek_temple

Skill      XL: |  1  2  3  4  5  6  7 |
---------------+----------------------+-----
Necromancy     | 5 6 7 8 |  8.3
Spellcasting   | 3 4 5 6 |  6.1
Fighting       | |  0.9
Maces & Flails | |  0.9
Dodging        | |  1.7
Stealth        | |  1.7

Action                   |  1- 3 |  4- 6 |  7- 9 || total
-------------------------+-------+-------+-------++-------
Melee: Unarmed           |     3 |       |       ||     3
       Whip              |    22 |    26 |       ||    48
       Dagger            |       |     9 |    32 ||    41
       Flail             |       |       |    29 ||    29
 Cast: Pain              |    81 |    98 |    31 ||   210
       Animate Dead      |       |     6 |     2 ||     8
       Vampiric Draining |       |    13 |    16 ||    29
  Use: Potion            |       |     6 |       ||     6
       Scroll            |       |     1 |       ||     1
 Stab: Sleeping          |     1 |       |     3 ||     4
Armor: Robe              |     6 |       |       ||     6
       Leather armour    |     6 |    58 |    24 ||    88
Dodge: Dodged            |    40 |   151 |    68 ||   259

Table legend: (Time is in decaauts)
 A = Elapsed time spent in this place.
 B = Non-inter-level travel time spent in this place.
 C = Inter-level travel time spent in this place.
 D = Time resting spent in this place.
 E = Time spent auto-exploring this place.
 F = Levels seen in this place.
 G = Mean time per level.
                   A        B        C        D        E       F      G
               +--------+--------+--------+--------+--------+-----+--------+
         Total |   7388 |   7162 |    226 |   1167 |   5106 |   7 | 1055.4 |
       Dungeon |   5810 |   5615 |    195 |    758 |   4204 |   5 | 1162.0 |
        Temple |    197 |    166 |     31 |      0 |    151 |   1 |  197.0 |
         Sewer |   1380 |   1380 |      0 |    409 |    751 |   1 | 1380.0 |
               +--------+--------+--------+--------+--------+-----+--------+

Top non-repeatable levels by time:
     D:4: 1975 daAuts
   Sewer: 1380 daAuts
     D:1: 1333 daAuts
     D:3: 1290 daAuts
     D:2: 668 daAuts
     D:5: 541 daAuts
  Temple: 197 daAuts
